 Seeded DCSS version 0.28-a0-850-g09de17f5b5 (webtiles) character file.

Game seed: 4649975516757901735 (custom seed)

913 Encipher the Grasshopper (level 8, -3/72 HPs)
             Began as a Naga Warper on Nov 14, 2021.
             Slain by an ogre (19 damage)
             ... on level 5 of the Dungeon.
             The game lasted 00:25:27 (6535 turns).

Encipher the Grasshopper (Naga Warper)              Turns: 6535, Time: 00:25:28

Health: -3/72      AC:  4    Str: 14    XL:     8   Next: 9%
Magic:  14/14      EV: 11    Int: 15    God:
Gold:   175        SH:  0    Dex: 17    Spells: 2/15 levels left

rFire   . . .      SeeInvis +   s - +1 trident (venom)
rCold   . . .      Faith    .   (no shield)
rNeg    . . .      Spirit   .   a - +0 leather armour
rPois   +          Reflect  .   (no helmet)
rElec   .          Harm     .   (no cloak)
rCorr   .          Rampage  .   (no gloves)
Will    +....                   (no barding)
Stlth   +.........              (no amulet)
HPRegen 0.22/turn               n - +6 ring of dexterity
MPRegen 0.14/turn               f - ring of wizardry

@: very slow
A: AC +2, large, see invisible, deformed body, poison resistance, slowness 2,
spit poison 1, naga tail 1
a: Spit Poison


You were on level 5 of the Dungeon.
You visited 1 branch of the dungeon, and saw 5 of its levels.

You collected 175 gold pieces.

Inventory:

Hand Weapons
 q - a +4 vorpal war axe
 r - a +2 whip of freezing
 s - a +1 trident of venom (weapon)
Missiles
 c - 5 boomerangs of dispersal
 i - 6 poisoned darts (quivered)
Armour
 a - a +0 leather armour (worn)
 m - a +0 ring mail
Jewellery
 f - a ring of wizardry (right hand)
 n - a +6 ring of dexterity (left hand)
 v - a ring of protection from fire
Wands
 u - a wand of iceblast (14)
Scrolls
 b - a scroll of blinking
 e - 4 scrolls of teleportation {unknown}
 g - a scroll of acquirement {unknown}
 h - a scroll of amnesia {unknown}
 j - a scroll of fear {unknown}
 k - a scroll of vulnerability {unknown}
 l - a scroll of immolation {unknown}
 t - a scroll of identify {unknown}
Potions
 d - 3 potions of curing {unknown}
 o - a potion of attraction {unknown}
 p - a potion of magic {unknown}
 w - a potion of haste {unknown}


   Skills:
 - Level 4.0 Fighting
 - Level 0.8 Throwing
 - Level 0.7 Armour
 - Level 4.0 Dodging
 - Level 4.0 Unarmed Combat
 - Level 4.0 Spellcasting
 - Level 5.0 Translocations
 + Level 1.7 Transmutations


You had 2 spell levels left.
You knew the following spells:

 Your Spells              Type           Power      Damage    Failure   Level
a - Blink                 Tloc           36%        N/A       1%          2
b - Lesser Beckoning      Tloc           18%        N/A       3%          3
c - Teleport Other        Tloc           18%        N/A       3%          3
d - Blade Hands           Tmut           4%         N/A       75%         5

Your spell library contained the following spells:

 Spells                   Type           Power      Damage    Failure   Level
 Magic Dart               Conj           12%        1d3       9%          1
 Summon Small Mammal      Summ           12%        N/A       9%          1
 Searing Ray              Conj           6%         2d4       14%         2
 Sublimation of Blood     Necr           3%         N/A       14%         2
 Gell's Gravitas          Tloc           18%        N/A       3%          3
 Portal Projectile        Hex/Tloc       20%        N/A       10%         3
 Call Canine Familiar     Summ           3%         N/A       26%         3
 Summon Guardian Golem    Hex/Summ       3%         N/A       26%         3
 Manifold Assault         Tloc           18%        N/A       32%         5
 Fulminant Prism          Conj/Hex       1%         3d6       63%         4
 Excruciating Wounds      Necr           1%         N/A       91%         5


Dungeon Overview and Level Annotations

Branches:
Dungeon (5/15)
 Temple: D:4-7

Altars:
Zin


Innate Abilities, Weirdness & Mutations

Your serpentine skin is tough. (AC +2)
You have supernaturally acute eyesight. (SInv)
Armour fits poorly on your strangely shaped body.
Your system is resistant to poisons. (rPois)
You cover ground very slowly.
You can spit poison.
You have a snake-like lower body.


Message History

There is an escape hatch in the ceiling here.
Found a brown potion.
You now have 166 gold pieces (gained 5).
w - a brown potion An iguana comes into view.
Press: ? - help, Shift-Dir - straight line, f - you Really target yourself?
Okay, then.
Press: ? - help, Shift-Dir - straight line, f - iguana
Aim: an iguana (asleep)
The splash of poison hits the iguana!
The iguana is poisoned.
The iguana is heavily wounded.
The iguana hisses angrily.
You have got your breath back.
You reach to attack!
You hit the iguana.
The iguana is severely wounded.
You hit the iguana.
You kill the iguana!
Found 9 gold pieces.
e - 4 scrolls labelled DEHETTAPSE (gained 2)
You now have 175 gold pieces (gained 9).
You open the door.
An ogre comes into view. It is wielding a +0 giant club.
The ogre shouts!
There is an open door here.
The ogre hits you with a +0 giant club!!
You hit the ogre but do no damage.
The ogre is poisoned.
The ogre barely misses you.
You closely miss the ogre.
The ogre is lightly wounded.
The ogre hits you with a +0 giant club!
You hit the ogre.
The ogre is moderately wounded.
The ogre hits you with a +0 giant club!
You hit the ogre.
The ogre looks as sick as possible!
The ogre is heavily wounded.
The ogre hits you with a +0 giant club!!
* * * LOW HITPOINT WARNING * * *
The ogre hits you with a +0 giant club!!
You die...

#################
................#####
................#...#
................#...#
................#...#
................#...#
................#...# ...
................@O..# ....
................#...#.....
................#...+.....
................#####.....
.........................#
.........................#
.........................#
.........................#
.........................#


You could see an ogre (extremely poisoned).

Vanquished Creatures
  Pikel (D:4)
  A necrophage (D:4)
  4 lemures
  3 hounds
  A bullfrog skeleton (D:4)
  A centaur skeleton (D:4)
  Jessica (D:3)
  2 iguanas (D:5)
  A hound skeleton (D:5)
  6 adders
  An ufetubus (D:5)
  5 worms
  2 dart slugs (D:3)
  10 orcs
  6 bats
  4 endoplasms
  2 giant cockroaches
  5 goblins
  10 hobgoblins
  A quokka (D:3)
  3 ball pythons
  A frilled lizard (D:2)
  5 kobolds
  A quokka skeleton (D:4)
  3 rats
80 creatures vanquished.

Notes
Turn   | Place    | Note
-------+----------+-------------------------------------------
     0 | D:1      | Encipher the Naga Warper began the quest for the Orb.
     0 | D:1      | Reached XP level 1. HP: 19/19 MP: 3/3
   445 | D:1      | Reached XP level 2. HP: 13/27 MP: 5/5
   598 | D:1      | Learned a level 2 spell: Blink
  1698 | D:1      | Found a faded altar of an unknown god.
  1905 | D:2      | Reached XP level 3. HP: 20/33 MP: 6/6
  3150 | D:3      | Reached XP level 4. HP: 39/42 MP: 7/7
  3705 | D:3      | Noticed Jessica
  3716 | D:3      | Killed Jessica
  3717 | D:3      | Reached XP level 5. HP: 41/50 MP: 8/8
  3777 | D:3      | Got Jessica's Handbook of Black Arts
  4014 | D:4      | Noticed Pikel
  4014 | D:4      | Noticed a lemure
  4014 | D:4      | Noticed a lemure
  4014 | D:4      | Noticed a lemure
  4016 | D:4      | Noticed a lemure
  4724 | D:4      | Learned a level 3 spell: Lesser Beckoning
  4728 | D:4      | Learned a level 3 spell: Teleport Other
  4751 | D:4      | Reached skill level 4 in Translocations
  4751 | D:4      | Reached XP level 6. HP: 54/57 MP: 9/9
  4794 | D:4      | Noticed a necrophage
  4833 | D:4      | Killed a necrophage
  5122 | D:4      | Reached skill level 5 in Translocations
  5297 | D:4      | Found a glowing silver altar of Zin.
  5881 | D:4      | Killed Pikel
  5882 | D:4      | Reached XP level 7. HP: 38/64 MP: 7/13
  6030 | D:4      | Learned a level 5 spell: Blade Hands
  6256 | D:5      | Entered Level 5 of the Dungeon
  6266 | D:5      | Reached XP level 8. HP: 59/72 MP: 14/14
  6386 | D:5      | Reached skill level 1 in Transmutations
  6535 | D:5      | Slain by an ogre

Illustrated notes

Levels and vault maps discovered:
D:1:      psy_arrival_heroes, layout_basic, shapermc_ecumenical_altar_hornbeckon
D:2:      layout_rooms, amethyst_killhole
D:3:      layout_basic, kennysheep_jessica_study
D:4:      layout_basic, zin_academy, uniq_pikel
D:5:      layout_gridville

Skill      XL: |  1  2  3  4  5  6  7  8 |
---------------+-------------------------+-----
Fighting       | 3 4 |  4.0
Unarmed Combat | 3 4 |  4.0
Translocations | 4 5 |  5.0
Spellcasting   | 4 |  4.0
Dodging        | 3 4 |  4.0
Transmutations | 1 |  1.7
Throwing       | |  0.8
Armour         | |  0.7

Action                   |  1- 3 |  4- 6 |  7- 9 || total
-------------------------+-------+-------+-------++-------
Melee: Mace              |    96 |    47 |       ||   143
       Punch             |     1 |     3 |       ||     4
       War axe           |       |    27 |       ||    27
       Trident           |       |    70 |    29 ||    99
Throw: Dart              |       |     9 |       ||     9
 Cast: Blink             |       |     3 |       ||     3
       Teleport Other    |       |     4 |       ||     4
 Abil: Spit Poison       |    16 |    27 |     4 ||    47
Armor: Leather armour    |    43 |    50 |     5 ||    98
Dodge: Dodged            |    60 |   110 |    20 ||   190

Table legend: (Time is in decaauts)
 A = Elapsed time spent in this place.
 B = Non-inter-level travel time spent in this place.
 C = Inter-level travel time spent in this place.
 D = Time resting spent in this place.
 E = Time spent auto-exploring this place.
 F = Levels seen in this place.
 G = Mean time per level.
                   A        B        C        D        E       F      G
               +--------+--------+--------+--------+--------+-----+--------+
         Total |   7819 |   7429 |    390 |   2789 |   2005 |   5 | 1563.8 |
       Dungeon |   7819 |   7429 |    390 |   2789 |   2005 |   5 | 1563.8 |
               +--------+--------+--------+--------+--------+-----+--------+

Top non-repeatable levels by time:
     D:3: 2385 daAuts
     D:1: 2076 daAuts
     D:4: 1957 daAuts
     D:2: 1049 daAuts
     D:5: 351 daAuts
